 Dungeon Crawl Stone Soup version 0.24-a0-412-ge138f7e (webtiles) character file.

Game seed: 4911180330661754580

30557 pkoi the Fencer (level 13, 0/177 HPs)
             Began as a Minotaur Gladiator on June 6, 2019.
             Was a High Priest of Okawaru.
             Slain by a 14-headed hydra (4 damage)
             ... on level 2 of the Lair of Beasts.
             The game lasted 00:29:00 (16184 turns).

pkoi the Fencer (Minotaur Gladiator)               Turns: 16184, Time: 00:29:01

Health: 0/177      AC: 17    Str: 29    XL:     13   Next: 21%
Magic:  11/13      EV: 16    Int: 11    God:    Okawaru [*****.]
Gold:   1000       SH:  0    Dex: 12    Spells: 12/12 levels left

rFire    + . .     SeeInvis .   a - +3 long sword "Jajaot" {speed, Int+6}
rCold    . . .     Gourm    .   (no shield)
rNeg     + . .     Faith    .   i - +2 scale mail {rC+}
rPois    +         Spirit   .   c - +1 hat
rElec    .         Reflect  .   (no cloak)
rCorr    .         Harm     .   B - +0 pair of gloves
MR       +....                  o - +0 pair of boots
Stlth    ..........             x - amulet of Circularity {+Rage rF+ rC- rN+ MR+}
HPRegen  0.39/turn              y - ring of flight
MPRegen  0.13/turn              A - ring of the Many Friends {rPois Slay+3}

@: berserking, heroism, very quick
A: retaliatory headbutt, horns 2
a: Heroism, Finesse, Renounce Religion, Evoke Berserk Rage, Evoke Flight


You were on level 2 of the Lair of Beasts.
You worshipped Okawaru.
Okawaru was extremely pleased with you.
You were very hungry.

You visited 3 branches of the dungeon, and saw 17 of its levels.
You also visited: Sewer and Ossuary.

You collected 1130 gold pieces.
You spent 130 gold pieces at shops.

Inventory:

Hand Weapons
 a - the +3 long sword "Jajaot" (weapon) {speed, Int+6}
   (You found it on level 11 of the Dungeon)

   Attacks with this weapon are significantly faster.
   It affects your intelligence (+6).
 b - a +0 shortbow
 O - a +3 great sword
Missiles
 d - 3 throwing nets (quivered)
 r - 278 arrows
Armour
 c - a +1 hat (worn)
 i - a +2 scale mail of cold resistance (worn)
 o - a +0 pair of boots (worn)
 w - a +0 plate armour
 B - a +0 pair of gloves (worn)
 M - the +6 scale mail "Susuerie" {*Corrode +Fly Int+6}
   (You found it on level 11 of the Dungeon)

   It affects your intelligence (+6).
   It lets you fly.
   It may corrode you when you take damage.
Jewellery
 l - an uncursed ring of wizardry
 x - the amulet of Circularity (around neck) {+Rage rF+ rC- rN+ MR+}
   (You took it off a kobold demonologist on level 7 of the Dungeon)

   [amulet of rage]

   It protects you from fire.
   It makes you vulnerable to cold.
   It protects you from negative energy.
   It affects your resistance to hostile enchantments.
   It lets you go berserk.
 y - a ring of flight (left hand)
 A - the ring of the Many Friends (right hand) {rPois Slay+3}
   (You found it on level 7 of the Dungeon)

   [ring of poison resistance]

   It affects your accuracy and damage with ranged weapons and melee attacks
   (+3).
   It protects you from poison.
 G - the ring of Oreleot {Wiz rElec MR- Str+4 Dex+3}
   (You found it on level 7 of the Dungeon)

   [ring of wizardry]

   It improves your spell success rate.
   It affects your strength (+4).
   It affects your dexterity (+3).
   It insulates you from electricity.
   It affects your resistance to hostile enchantments.
 I - the amulet of Isoacw Hoce {Acrobat Dex+3}
   (You found it on level 7 of the Dungeon)

   [amulet of the acrobat]

   It helps you evade while moving and waiting.
   It affects your dexterity (+3).
Wands
 g - a wand of scattershot (12)
 h - a wand of paralysis (32)
 q - a wand of flame (44)
 t - a wand of polymorph (15)
 J - a wand of clouds (5)
 L - a wand of disintegration (34)
 R - a wand of acid (8)
Scrolls
 e - 4 scrolls of enchant armour
 j - 4 scrolls of teleportation
 k - 2 scrolls of enchant weapon
 p - 11 scrolls of identify
 u - 7 scrolls of remove curse
 C - a scroll of amnesia
 E - a scroll of fear
 P - a scroll of blinking
 S - a scroll of fog
 U - a scroll of magic mapping
Potions
 m - 3 potions of brilliance
 n - 6 potions of curing
 s - 4 potions of might
 v - 3 potions of flight
 z - 4 potions of berserk rage
 D - 3 potions of heal wounds
 F - 3 potions of haste
 H - 2 potions of magic
 K - 2 potions of agility
 Q - a potion of resistance
Miscellaneous
 N - a box of beasts
Comestibles
 f - 33 rations
 T - 13 chunks of flesh


   Skills:
 + Level 12.1(17.1) Fighting
 + Level 15.6(20.6) Long Blades
 + Level 10.9(15.9) Bows
 - Level 2.0(7.0) Throwing
 + Level 12.5(17.5) Armour
 - Level 5.2(10.2) Dodging
 + Level 2.3 Invocations


You had 12 spell levels left.
You didn't know any spells.
Your spell library contained the following spells:

 Spells                   Type           Power        Failure   Level  Hunger
 Summon Small Mammal      Summ           #...         50%         1    ##.....
 Call Imp                 Summ           #.......     65%         2    ###....
 Call Canine Familiar     Summ           #.......     86%         3    ####...
 Summon Guardian Golem    Hex/Summ       #.......     86%         3    ####...
 Cause Fear               Hex            #.........   99%         4    #####..
 Ice Form                 Ice/Tmut       #.......     99%         4    #####..
 Summon Ice Beast         Ice/Summ       #.......     99%         4    #####..
 Summon Lightning Spire   Summ/Air       #.......     99%         4    #####..
 Metabolic Englaciation   Hex/Ice        #.........   100%        5    ######.
 Silence                  Hex/Air        #.........   100%        5    ######.
 Yara's Violent Unravell  Hex/Tmut       #.........   100%        5    ######.
 Bolt of Cold             Conj/Ice       #.........   100%        6    #######
 Deflect Missiles         Chrm/Air       #.........   100%        6    #######
 Freezing Cloud           Conj/Ice/Air   #.........   100%        6    #######
 Ozocubu's Refrigeration  Ice            #.........   100%        6    #######
 Simulacrum               Ice/Necr       #.........   100%        6    #######
 Discord                  Hex            #.........   100%        8    #######


Dungeon Overview and Level Annotations

Branches:
Dungeon (12/15)            Temple (1/1) D:7            Lair (4/6) D:8
    Orc (0/2) D:10
  Swamp: Lair:2-4    Shoals: Lair:2-4     Snake: Lair:2-4    Spider: Lair:2-4

Altars:
Ashenzari
Cheibriados
Dithmenos
Elyvilon
Fedhas
Gozag
Hepliaklqana
Kikubaaqudgha
Makhleb
Nemelex Xobeh
Okawaru
Qazlal
Ru
Sif Muna
Trog
Uskayaw
Vehumet
Wu Jian
Xom
Yredelemnul
Zin
The Shining One
Beogh

Shops:
D:5 *   D:7 =   D:8 (   D:9 %   D:10 *:::

Annotations:
D:3 Natasha
D:4 3 runed translucent doors, thaho's ghost, novice TeCj
D:10 3 runed translucent doors


Innate Abilities, Weirdness & Mutations

You reflexively headbutt those who attack you in melee.
You have a pair of horns on your head.


Message History

The 14-headed hydra bites you!
* * * LOW HITPOINT WARNING * * *
The 14-headed hydra barely misses you.
The 14-headed hydra bites you but does no damage.
The 14-headed hydra misses you. The 14-headed hydra bites you!
* * * LOW HITPOINT WARNING * * *
The 14-headed hydra completely misses you.
The 14-headed hydra bites you.
* * * LOW HITPOINT WARNING * * *
The 14-headed hydra bites you.
* * * LOW HITPOINT WARNING * * *
The 14-headed hydra bites you.
* * * LOW HITPOINT WARNING * * *
A red film seems to cover your vision as you go berserk!
You feel yourself moving faster!
You feel mighty!
You are feeling very hungry.
The 14-headed hydra barely misses you. The 14-headed hydra bites you!
* * * LOW HITPOINT WARNING * * *
The 14-headed hydra bites you.
You die...

## ## ........... . ..
#P.#.....#.#.. . ..
#..#.......$.. . #.
##............ #.#.##
#P.P.......P.. ......
#............ #.....
#.P..D....# .. #.....
#....@....#.... ......
#...............#..###
##....##..#.....P..P.##
#......................
##.....................
#.....................
#.............).......
#.....................
#...................[รท.


You could see a 14-headed hydra.

Vanquished Creatures
  2 hydras
  A centaur warrior (D:12)
  4 two-headed ogres
  Urug (Lair:2)
  2 unseen horrors (D:12)
  An orc knight (D:11)
  A deep elf mage (D:12)
  2 ugly things
  A black mamba (Lair:1)
  3 centaur skeletons
  5 spiny frogs
  A kobold demonologist (D:7)
  2 komodo dragons
  4 trolls
  3 jumping spiders (Lair:3)
  16 blink frogs
  A slime creature (D:7)
  2 hippogriffs
  A shadow (D:12)
  A vampire (D:12)
  4 redbacks (Lair:3)
  27 yaks
  Eustachio (D:6)
  3 hungry ghosts
  A steam dragon (D:10)
  Menkaure (D:5)
  Edmund (D:5)
  A soldier ant (D:12)
  7 water moccasins
  8 porcupines
  Duvessa (D:6)
  6 orc warriors
  6 sky beasts
  5 ice beasts
  An eye of draining (D:12)
  2 phantoms
  2 necrophages
  6 ogres
  4 crocodiles
  4 centaurs
  3 big kobolds
  12 bullfrogs
  Dowan (D:6)
  3 scorpions
  3 killer bees (D:9)
  4 wights (D:11)
  2 howler monkeys
  5 crimson imps
  A bullfrog zombie (D:5)
  A bullfrog skeleton (D:11)
  8 orc priests
  5 centaur zombies
  3 hounds
  3 jellies
  6 orc wizards
  Jessica (D:3)
  2 iguanas
  7 worker ants
  Natasha (D:3)
  A hound zombie (D:5)
  A hound skeleton (D:8)
  3 mummies (Ossuary)
  3 worker ant zombies
  Robin (D:3)
  2 howler monkey zombies
  11 adders
  9 river rats
  2 shadow imps
  2 oozes
  4 adder zombies (Ossuary)
  A dart slug (D:1)
  7 leopard geckos
  41 orcs
  3 ball pythons
  7 bats
  6 giant cockroaches
  18 goblins
  12 hobgoblins
  6 jackals
  19 kobolds
  6 quokkas
  3 frilled lizards
  A goblin zombie (Ossuary)
  4 hobgoblin zombies (Ossuary)
  2 kobold zombies (Ossuary)
  A quokka skeleton (D:7)
  6 quokka zombies
  28 rats
  3 rat zombies (Ossuary)
429 creatures vanquished.

Vanquished Creatures (others)
  A kobold (D:10)
  A fungus (Lair:4)
  5 plants
7 creatures vanquished.

Grand Total: 436 creatures vanquished

Notes
Turn   | Place    | Note
-------+----------+-------------------------------------------
     0 | D:1      | pkoi the Minotaur Gladiator began the quest for the Orb.
     0 | D:1      | Reached XP level 1. HP: 18/18 MP: 0/0
    19 | D:1      | Reached skill level 4 in Long Blades
    37 | D:1      | Reached XP level 2. HP: 21/25 MP: 1/1
   420 | D:1      | Reached skill level 1 in Armour
   777 | D:1      | Reached XP level 3. HP: 30/30 MP: 2/2
   858 | D:2      | Reached skill level 5 in Long Blades
  1062 | D:2      | Noticed an ice beast
  1088 | D:2      | Killed an ice beast
  1088 | D:2      | Reached XP level 4. HP: 21/37 MP: 3/3
  1088 | D:2      | Reached XP level 5. HP: 24/42 MP: 4/4
  1196 | D:2      | You fall into a shaft and drop 1 floor!
  1296 | D:3      | Reached skill level 6 in Long Blades
  1551 | D:3      | Noticed Natasha
  1559 | D:3      | Killed Natasha
  2572 | D:3      | Noticed Natasha
  2665 | D:3      | Noticed Robin
  2698 | D:3      | Killed Robin
  2734 | D:3      | Noticed Jessica
  2743 | D:3      | Killed Jessica
  2743 | D:3      | Reached XP level 6. HP: 50/50 MP: 5/5
  2977 | D:4      | Reached skill level 7 in Long Blades
  3094 | D:4      | Noticed an ice beast
  3104 | D:4      | Killed an ice beast
  3225 | D:4      | Reached XP level 7. HP: 50/57 MP: 6/6
  3229 | D:4      | Reached skill level 1 in Bows
  3281 | D:4      | Reached skill level 5 in Armour
  3423 | D:4      | Found a glowing drain.
  3427 | Sewer    | Entered a sewer
  3546 | Sewer    | Found a white marble altar of Elyvilon.
  3898 | D:4      | Found a runed translucent gate.
  3899 | D:4      | Found a runed translucent gate.
  3899 | D:4      | Found a runed translucent gate.
  3900 | D:4      | Noticed thaho's ghost (novice TeCj)
  3960 | D:5      | Entered Level 5 of the Dungeon
  4017 | D:5      | Reached skill level 8 in Long Blades
  4089 | D:5      | Reached XP level 8. HP: 66/66 MP: 7/7
  4148 | D:5      | Noticed Menkaure
  4153 | D:5      | Killed Menkaure
  4324 | D:5      | Noticed Edmund
  4336 | D:5      | Killed Edmund
  4336 | D:5      | Reached skill level 9 in Long Blades
  4529 | D:5      | Reached skill level 5 in Dodging
  4736 | D:5      | Found Ydefus's Serpentskin Sales.
  5012 | D:6      | Noticed Duvessa
  5013 | D:6      | Noticed Dowan
  5026 | D:6      | Killed Duvessa
  5026 | D:6      | Reached skill level 5 in Fighting
  5050 | D:6      | Killed Dowan
  5087 | D:6      | Found a sand-covered staircase.
  5100 | Ossuary  | Entered an ossuary
  5410 | D:6      | Noticed Eustachio
  5440 | D:6      | Killed Eustachio
  5440 | D:6      | Reached XP level 9. HP: 67/74 MP: 8/8
  5486 | D:6      | Reached skill level 10 in Long Blades
  6046 | D:7      | Found Zinur's Jewellery Emporium.
  6057 | D:7      | Bought a cursed ring of teleportation for 58 gold pieces
  6390 | D:7      | Noticed a troll
  6401 | D:7      | Killed a troll
  6514 | D:7      | Found a staircase to the Ecumenical Temple.
  6528 | Temple   | Entered the Ecumenical Temple
  6772 | Temple   | Became a worshipper of Warmaster Okawaru
  6869 | D:7      | Reached skill level 5 in Bows
  7036 | D:7      | Reached skill level 11 in Long Blades
  7274 | D:7      | Reached * piety under Okawaru
  7296 | D:7      | Noticed a troll
  7302 | D:7      | Killed a troll
  7302 | D:7      | Noticed a troll
  7334 | D:7      | Reached XP level 10. HP: 37/86 MP: 6/9
  7585 | D:7      | Identified the amulet of Circularity {+Rage rF+ rC- rN+
                  | MR+}
  7636 | D:7      | Got a twitching bronze ring
  7637 | D:7      | Identified the ring of the Many Friends {rPois Slay+3} (You
                  | found it on level 7 of the Dungeon)
  7640 | D:7      | Got a warped turquoise ring
  7642 | D:7      | Identified the ring of Oreleot {Wiz rElec MR- Str+4 Dex+3}
                  | (You found it on level 7 of the Dungeon)
  7655 | D:7      | Got a fine iron amulet
  7802 | D:7      | Identified the amulet of Isoacw Hoce {Acrobat Dex+3} (You
                  | found it on level 7 of the Dungeon)
  7952 | D:8      | Found Jihexkee's Antique Weapon Boutique.
  8156 | D:8      | Found a staircase to the Lair.
  8668 | Lair:1   | Entered Level 1 of the Lair of Beasts
  8716 | Lair:1   | Reached skill level 12 in Long Blades
  8753 | Lair:1   | Noticed a spiny frog
  8786 | Lair:1   | Killed a spiny frog
  8998 | Lair:1   | Upgraded the game from 0.24-a0-408-gcc1054c to
                  | 0.24-a0-412-ge138f7e
  9022 | Lair:1   | Reached ** piety under Okawaru
  9185 | Lair:1   | Noticed a black mamba
  9197 | Lair:1   | Killed a black mamba
  9223 | Lair:1   | Noticed a spiny frog
  9235 | Lair:1   | Killed a spiny frog
  9585 | D:9      | Reached *** piety under Okawaru
  9686 | D:9      | Found a glowing golden altar of the Shining One.
  9744 | D:9      | Reached skill level 13 in Long Blades
  9867 | D:9      | Reached XP level 11. HP: 95/95 MP: 8/10
  9911 | D:9      | Found Poac Buosh's Food Shop.
 10099 | D:10     | Entered Level 10 of the Dungeon
 10152 | D:10     | Found a runed translucent gate.
 10152 | D:10     | Found a runed translucent gate.
 10152 | D:10     | Found a runed translucent gate.
 10153 | D:10     | Noticed a cyan ugly thing
 10153 | D:10     | Noticed a purple ugly thing
 10153 | D:10     | Noticed a red ugly thing
 10154 | D:10     | Noticed a glowing orange brain
 10154 | D:10     | Noticed a red ugly thing
 10154 | D:10     | Noticed a red very ugly thing
 10157 | D:10     | Noticed a brown ugly thing
 10223 | D:10     | Found a staircase to the Orcish Mines.
 10402 | D:10     | Found Detibb's Book Boutique.
 10402 | D:10     | Noticed a two-headed ogre
 10415 | D:10     | Killed a two-headed ogre
 10415 | D:10     | Reached **** piety under Okawaru
 10430 | D:10     | Found Kudenita's Book Emporium.
 10744 | D:10     | Found Zuus's Book Boutique.
 10760 | D:10     | Found Zathrumoh's General Store.
 10776 | D:10     | Bought a +0 pair of gloves for 72 gold pieces
 11005 | D:11     | Got a translucent scale mail
 11006 | D:11     | Identified the +6 scale mail "Susuerie" {*Corrode +Fly
                  | Int+6} (You found it on level 11 of the Dungeon)
 11018 | D:11     | Got an ichor-stained long sword
 11019 | D:11     | Identified the +3 long sword "Jajaot" {speed, Int+6} (You
                  | found it on level 11 of the Dungeon)
 11056 | D:11     | Noticed an eight-headed hydra
 11070 | D:11     | Killed an 18-headed hydra
 11464 | D:11     | Reached skill level 10 in Armour
 11778 | D:11     | Received a gift from Okawaru
 11982 | D:11     | Noticed an orc knight
 11996 | D:11     | Noticed a red ugly thing
 11998 | D:11     | Killed an orc knight
 11998 | D:11     | Reached skill level 14 in Long Blades
 12016 | D:11     | Killed a red ugly thing
 12016 | D:11     | Received a gift from Okawaru
 12087 | D:11     | Found a roughly hewn altar of Beogh.
 12441 | D:12     | Reached skill level 10 in Fighting
 12551 | D:12     | Killed an unseen horror
 12551 | D:12     | Reached ***** piety under Okawaru
 12551 | D:12     | Received a gift from Okawaru
 12564 | D:12     | Noticed a five-headed hydra
 12573 | D:12     | Killed a nine-headed hydra
 12573 | D:12     | Reached XP level 12. HP: 49/107 MP: 8/11
 12827 | D:12     | Noticed a two-headed ogre
 12834 | D:12     | Killed a two-headed ogre
 12851 | D:12     | Noticed a centaur warrior
 12858 | D:12     | Killed a centaur warrior
 12858 | D:12     | Received a gift from Okawaru
 12877 | D:12     | Noticed a centaur warrior
 12877 | D:12     | Noticed a four-headed hydra
 12928 | D:12     | Noticed a centaur warrior
 13006 | D:12     | Noticed a two-headed ogre
 13027 | D:12     | Killed a two-headed ogre
 13247 | D:12     | Received a gift from Okawaru
 13400 | D:12     | Noticed a two-headed ogre
 13409 | D:12     | Killed a two-headed ogre
 13409 | D:12     | Reached skill level 15 in Long Blades
 13409 | D:12     | Reached skill level 10 in Bows
 14363 | Lair:2   | You fall into a shaft and drop 2 floors!
 14965 | Lair:4   | Found the +27 Lear's hauberk
 15097 | Lair:3   | Reached XP level 13. HP: 101/117 MP: 12/12
 15104 | Lair:3   | Reached skill level 1 in Invocations
 15813 | Lair:2   | Noticed Urug
 15830 | Lair:2   | Killed Urug
 16184 | Lair:2   | HP: 4/177 [14-headed hydra (13)]
 16184 | Lair:2   | Slain by a 14-headed hydra

Levels and vault maps discovered:
D:1:      erik_arrival_orb_chamber, layout_basic
D:2:      layout_basic
D:3:      layout_basic, first_ration, minmay_quadrilaterals, uniq_robin,
          uniq_natasha, uniq_jessica
D:4:      layout_loops_ring, gup_sewer_entry_spiral, ebering_ghost_rock_garden
D:5:      layout_gridville, guppyfry_shop_venom, uniq_edmund, uniq_menkaure
D:6:      layout_basic, enter_ossuary_4, uniq_eustachio, uniq_duvessa
D:7:      minmay_the_grid_triangle_9x9_rhombus_full
          [minmay_the_grid_triangle_9x9_corrupted_corridor,
          minmay_the_grid_triangle_9x9_swiss_cheese,
          minmay_the_grid_triangle_9x9_negative_grid,
          minmay_the_grid_triangle_9x9_wacky_v,
          minmay_the_grid_triangle_9x9_dagger,
          minmay_the_grid_triangle_9x9_sprig,
          minmay_the_grid_triangle_9x9_descending_squares,
          minmay_the_grid_triangle_9x9_prize_special], layout_basic,
          minmay_temple_entry_junction, serial_shops, shop
D:8:      layout_loops_corners, david_lair_shrubbed, serial_shops,
          shop_fountains
D:9:      layout_rooms, nicolae_tso_swordbearing_angel, serial_shops, shop,
          grunt_pizzeria
D:10:     layout_roguey, orc_0_dummy,
          ploomutoo_gammafunk_ghost_potion_laboratory, serial_shops,
          nicolae_shop_crystal, shop, shop, shop
D:11:     layout_roguey [special_room_orc], enter_bailey_2,
          hangedman_decor_lopped
D:12:     layout_loops_corners, eino_tiny_chamber,
          chequers_serial_rivers_micro_d, minivault_12
Temple:   roderic_octagonal_lattice_temple
Lair:1:   layout_cave_shapes
Lair:2:   layout_regular_city, st_stairs_6, uniq_urug
Lair:3:   layout_regular_city, nicolae_swamp_entry_splash_gauntlet,
          nicolae_spider_entry_tight_spaces
Lair:4:   layout_gridlike, kennysheep_abandoned_house, lemuel_fruit_fields,
          lemuel_fruit_fields

Skill      XL: |  1  2  3  4  5  6  7  8  9 10 11 12 13 |
---------------+----------------------------------------+-----
Long Blades    | 4 5 6 7 8 9 11 13 14 15 | 15.6
Armour         | 1 3 4 5 6 8 9 10 12 | 12.5
Fighting       | 3 4 5 7 8 10 11 12 | 12.1
Bows           | 2 4 5 7 9 10 | 10.9
Dodging        | 4 5 |  5.2
Invocations    | 2 |  2.3
Throwing       | |  2.0

Action                   |  1- 3 |  4- 6 |  7- 9 | 10-12 | 13-15 || total
-------------------------+-------+-------+-------+-------+-------++-------
Melee: Long sword        |    25 |   133 |   320 |   611 |    94 ||  1183
       Headbutt          |    10 |    27 |    60 |   172 |    23 ||   292
       Dagger            |    42 |       |       |       |       ||    42
       Punch             |       |       |       |     3 |     1 ||     4
 Fire: Shortbow          |       |    10 |    67 |    37 |       ||   114
Invok: Heroism           |       |       |     1 |     9 |     4 ||    14
 Abil: Evoke Berserk Rag |       |       |       |       |     1 ||     1
  Use: Scroll            |     1 |       |     6 |    11 |     1 ||    19
       Potion            |     1 |       |     7 |     2 |     1 ||    11
  Eat: Chunk             |       |     7 |    14 |    25 |     3 ||    49
       Ration            |       |       |       |     1 |       ||     1
Armor: Leather armour    |     3 |       |       |       |       ||     3
       Chain mail        |    25 |    72 |    80 |       |       ||   177
       Plate armour      |       |       |    83 |   177 |       ||   260
       Skin              |       |       |    14 |       |       ||    14
       Scale mail        |       |       |       |    38 |    34 ||    72
Dodge: Dodged            |    36 |    66 |   145 |   265 |    48 ||   560
       Rpst.: Long sword |     9 |    15 |    44 |    63 |     9 ||   140

Table legend:
 A = Non-vault XP
 B = Vault XP
 C = Vault XP percentage of total XP
 D = Non-vault monster count
 E = Vault monster count
 F = Vault count percentage of total count
                 A         B        C        D         E       F
            +---------+---------+-------+---------+---------+-------
      Total |   35573 |    8081 |  18.5 |     287 |     142 |  33.1
            +---------+---------+-------+---------+---------+-------
        D:1 |      34 |      12 |  26.1 |      19 |      12 |  38.7
        D:2 |     174 |       0 |   0.0 |      17 |       0 |   0.0
        D:3 |     109 |     114 |  51.1 |      20 |      19 |  48.7
        D:4 |     384 |      51 |  11.7 |      12 |       8 |  40.0
        D:5 |     740 |     511 |  40.8 |      18 |       4 |  18.2
        D:6 |     325 |     408 |  55.7 |      15 |       5 |  25.0
        D:7 |     886 |    2329 |  72.4 |      16 |      16 |  50.0
        D:8 |     428 |     338 |  44.1 |       8 |       1 |  11.1
        D:9 |    1550 |     136 |   8.1 |      24 |       1 |   4.0
       D:10 |    2209 |       0 |   0.0 |      17 |       0 |   0.0
       D:11 |    3156 |    1231 |  28.1 |      20 |      26 |  56.5
       D:12 |   12484 |       0 |   0.0 |      40 |       0 |   0.0
     Lair:1 |    3762 |       0 |   0.0 |      16 |       0 |   0.0
     Lair:2 |    3929 |     859 |  17.9 |      19 |       1 |   5.0
     Lair:3 |       0 |    1789 | 100.0 |       0 |       7 | 100.0
     Lair:4 |    5403 |      71 |   1.3 |      26 |       9 |  25.7
      Sewer |       0 |     142 | 100.0 |       0 |      12 | 100.0
    Ossuary |       0 |      90 | 100.0 |       0 |      21 | 100.0
            +---------+---------+-------+---------+---------+-------
